Map: Blackpink LE

Players

Zest - Winner!

  • Race: Protoss Protoss
  • League: Master
  • Spawn Location: 7:00

HeroMarine

  • Race: Terran Terran
  • League: Master
  • Spawn Location: 1:00

Event: HomeStory Cup XVI

VOD

Have the link to the VOD?

Description

Time

  • Played on: Nov. 10, 2017, 2:38 p.m.
  • Length: 10:27

All games in this series

Show
View Real Time Build Order
Export as new Build Order

Zest Protoss - Winner!

Build Orders: 1 Gate Expand, Blink Stalkers 

Get SALT Encoding   

  12  0:02  Probe (Chrono Boost)  
  14  0:14  Probe (Chrono Boost)  
  14  0:17  Pylon  
  14  0:25  Probe (Chrono Boost)  
  15  0:31  Probe (Chrono Boost)  
  15  0:37  Gateway  
  15  0:40  Probe (Chrono Boost)  
  17  0:45  Assimilator  
  17  0:53  Probe (Chrono Boost)  
  19  1:05  Probe (Chrono Boost)  
  19  1:17  Probe (Chrono Boost)  
  20  1:23  Nexus  
  20  1:31  Cybernetics Core  
  20  1:36  Probe (Chrono Boost)  
  20  1:39  Assimilator  
  22  1:48  Probe (Chrono Boost)  
  22  1:49  Pylon  
  22  1:57  Stalker  
  22  2:00  Probe (Chrono Boost)  
  23  2:07  Warp Gate  
  25  2:12  Probe (Chrono Boost)  
  26  2:24  Probe (Chrono Boost), Robotics Facility  
  27  2:31  Probe x2 (Chrono Boost)  
  29  2:38  Probe (Chrono Boost)  
  29  2:39  Probe (Chrono Boost)  
  31  2:46  Twilight Council  
  31  2:51  Probe (Chrono Boost)  
  33  2:53  Probe (Chrono Boost)  
  33  3:02  Observer  
  33  3:03  Probe (Chrono Boost)  
  33  3:05  Probe (Chrono Boost)  
  35  3:07  Gateway  
  35  3:10  Gateway  
  36  3:15  Blink, Probe (Chrono Boost)  
  36  3:17  Probe (Chrono Boost)  
  38  3:23  Pylon  
  38  3:30  Probe x2 (Chrono Boost)  
  38  3:34  Observer  
  41  3:35  Assimilator  
  41  3:36  Probe (Chrono Boost)  
  43  3:42  Probe (Chrono Boost)  
  43  3:45  Probe (Chrono Boost)  
  44  3:54  Probe (Chrono Boost)  
  45  3:57  Nexus, Probe (Chrono Boost)  
  45  4:00  Pylon  
  46  4:11  Stalker x2  
  46  4:12  Stalker  
  52  4:17  Pylon  
  52  4:23  Warp Prism  
  54  4:38  Stalker x3  
  59  4:44  Probe x2 (Chrono Boost)  
  61  4:51  Pylon  
  61  4:55  Observer, Pylon  
  61  4:56  Probe (Chrono Boost)  
  61  4:57  Probe (Chrono Boost)  
  61  4:59  Observer  
  64  5:02  Stalker x3  
  70  5:10  Probe x3 (Chrono Boost)  
  73  5:25  Stalker x3, Probe x2 (Chrono Boost)  
  73  5:28  Forge  
  81  5:29  Observer  
  81  5:30  Forge  
  81  5:31  Protoss Ground Weapons Level 1  
  81  5:34  Probe (Chrono Boost)  
  84  5:37  Probe x2 (Chrono Boost)  
  84  5:39  Protoss Ground Armor Level 1  
  84  5:46  Probe (Chrono Boost)  
  84  5:49  Probe x2 (Chrono Boost)  
  88  5:58  Probe (Chrono Boost)  
  88  6:01  Probe x2 (Chrono Boost)  
  90  6:10  Probe (Chrono Boost), Sentry x3  
  97  6:13  Gateway, Probe (Chrono Boost)  
  97  6:15  Gateway  
  97  6:16  Gateway  
  97  6:17  Shield Battery  
  97  6:18  Gateway, Shield Battery  
  98  6:20  Gateway  
  98  6:22  Pylon  
  98  6:29  Probe x2 (Chrono Boost)  
  98  6:30  Probe (Chrono Boost)  
  98  6:31  Charge  
  91  6:42  Observer  
  91  6:45  Probe x3 (Chrono Boost)  
  95  6:47  Pylon  
  95  6:49  Assimilator  
  95  6:51  Zealot x3, Assimilator, Pylon  
  101  6:58  Pylon  
  101  6:59  Pylon  
  101  7:03  Nexus  
  101  7:05  Pylon  
  101  7:06  Immortal, Pylon  
  101  7:07  Protoss Ground Armor Level 2  
  105  7:09  Protoss Ground Weapons Level 2  
  105  7:13  Zealot, Probe x2 (Chrono Boost)  
  105  7:14  Zealot x3  
  105  7:15  Pylon  
  113  7:21  Pylon  
  112  7:29  Pylon  
  112  7:34  Observer  
  112  7:35  Zealot x8  
  125  7:52  Observer  
  125  7:58  Stalker x4  
  129  8:00  Zealot x4  
  129  8:01  Warp Prism  
  143  8:08  Pylon  
  143  8:09  Observer  
  147  8:20  Probe x2 (Chrono Boost)  
  147  8:21  Probe x2 (Chrono Boost)  
  147  8:30  Immortal  
  147  8:33  Zealot x8  
  169  8:41  Assimilator  
  169  8:43  Probe x3 (Chrono Boost)  
  169  8:45  Assimilator  
  169  8:47  Probe (Chrono Boost)  
  171  8:50  Pylon  
  171  8:51  Pylon  
  171  9:04  Stalker x3  
  171  9:05  Stalker  
  179  9:12  Templar Archives  
  179  9:16  Zealot  
  179  9:17  Zealot x3  
  166  9:47  Zealot x8  
  184  10:07  Stalker x6  
  188  10:19  Nexus  
  188  10:21  Pylon  
Show
View Real Time Build Order
Export as new Build Order

HeroMarine Terran 

Build Orders: Reaper Expand, MMM Bio 

Get SALT Encoding   

  12  0:00  SCV  
  13  0:12  SCV  
  14  0:17  Supply Depot  
  14  0:24  SCV  
  15  0:38  SCV  
  15  0:41  Barracks  
  16  0:43  Refinery  
  16  0:50  SCV  
  17  1:02  SCV  
  18  1:14  SCV  
  19  1:29  Reaper, Orbital Command  
  20  1:41  Command Center  
  20  1:51  Barracks  
  20  1:55  SCV  
  20  2:01  Barracks Reactor  
  21  2:06  Supply Depot  
  21  2:08  SCV  
  22  2:15  Engineering Bay  
  22  2:20  SCV  
  23  2:32  SCV  
  24  2:38  Marine x2, Barracks Tech Lab  
  27  2:44  SCV  
  27  2:53  Orbital Command  
  27  2:56  SCV  
  27  2:57  Missile Turret  
  28  2:58  Marine x2  
  28  3:00  Stimpack  
  28  3:01  Marine  
  31  3:08  SCV, Terran Infantry Weapons Level 1  
  32  3:19  SCV, Marine x3  
  35  3:20  SCV  
  35  3:25  Supply Depot  
  37  3:31  SCV  
  37  3:32  SCV  
  39  3:37  Marine x3  
  42  3:43  Refinery, SCV  
  42  3:44  Refinery, SCV  
  42  3:48  Factory  
  44  3:55  SCV  
  45  3:56  SCV, Marine  
  45  3:57  Marine  
  45  3:59  Marauder  
  50  4:04  Supply Depot  
  50  4:07  SCV  
  50  4:08  SCV  
  52  4:11  Barracks  
  52  4:19  SCV  
  52  4:21  SCV  
  54  4:26  Marauder  
  54  4:27  Supply Depot  
  54  4:28  Marine x2  
  58  4:32  SCV  
  58  4:33  SCV  
  58  4:34  Starport  
  58  4:35  Factory Reactor  
  60  4:44  SCV  
  60  4:45  Supply Depot, SCV  
  62  4:49  Marauder  
  64  5:00  Combat Shields, Missile Turret, Barracks Tech Lab  
  64  5:02  Terran Infantry Armor Level 1  
  64  5:03  Missile Turret  
  64  5:04  Missile Turret  
  64  5:05  Marine x2  
  68  5:14  Marauder  
  68  5:20  Marauder  
  69  5:21  SCV  
  69  5:22  SCV  
  69  5:23  Supply Depot  
  69  5:24  Medivac  
  69  5:27  Medivac  
  69  5:28  Marine  
  75  5:29  Marine  
  77  5:37  Supply Depot  
  77  5:38  Concussive Shells  
  76  5:43  Marauder  
  76  5:44  Marauder  
  76  5:46  Supply Depot  
  78  5:51  Marine x2  
  78  5:57  SCV x2  
  79  6:05  Marauder  
  79  6:06  Marauder  
  79  6:09  Marine x2  
  79  6:10  Medivac x2  
  89  6:13  Supply Depot  
  89  6:23  Command Center  
  88  6:27  SCV  
  88  6:28  SCV  
  86  6:34  Marauder x2  
  86  6:35  Marine  
  86  6:36  Marine  
  92  6:45  SCV x2  
  94  6:49  Barracks  
  94  6:51  Barracks  
  94  6:59  SCV x2, Marine  
  94  7:00  Marine  
  94  7:01  Refinery  
  98  7:04  Marauder  
  100  7:08  Factory Reactor  
  100  7:11  SCV x2  
  100  7:15  Marauder  
  104  7:20  Liberator x2  
  104  7:22  Supply Depot  
  104  7:23  SCV x2  
  104  7:26  Marauder  
  108  7:35  SCV x2  
  108  7:36  Marauder  
  115  7:44  Barracks Tech Lab  
  115  7:45  Orbital Command  
  115  7:49  SCV x2  
  113  7:52  Marine x2  
  113  7:53  Marine  
  114  8:02  Marine  
  114  8:03  Marauder  
  114  8:04  Marauder, Armory  
  114  8:05  Engineering Bay, Marine  
  120  8:07  SCV x2  
  120  8:09  Liberator  
  122  8:14  Liberator  
  122  8:15  Supply Depot  
  122  8:16  Supply Depot, SCV  
  122  8:19  SCV x2  
  125  8:24  Refinery  
  125  8:25  Refinery  
  128  8:28  SCV  
  128  8:33  SCV  
  133  8:37  Supply Depot  
  133  8:39  Supply Depot  
  135  8:41  Supply Depot  
  133  8:52  Marine  
  133  8:53  Marine x3  
  133  8:54  Marauder x3  
  143  8:59  Supply Depot  
  143  9:04  Supply Depot  
  143  9:05  Supply Depot  
  143  9:10  Marine  
  143  9:14  Sensor Tower  
  143  9:15  Marauder x2  
  143  9:16  Marauder  
  150  9:20  Medivac x2  
  154  9:25  Marine x2  
  154  9:26  Marine  
  157  9:36  Marauder  
  157  9:37  Marauder  
  143  9:46  Marauder, Marine  
  143  9:47  Marine x2  
  143  9:49  Marine  
  143  9:57  Marine  
  143  9:58  Marauder  
  144  10:04  Missile Turret, Marine x2  
  144  10:06  Missile Turret  
  142  10:07  Marine x2  
  142  10:11  Ghost Academy  
Tags
 
Add a new tag
Caveats
  • Supply blocks, unpowered buildings, or Contaminate may cause inaccurate times.
  • Supply counts are checked every 10 seconds.